Map: Incorporeal LE

Players

LigerMaNN - Winner!

  • Race: Zerg Zerg
  • League: Diamond
  • Spawn Location: 11:00

A.I. 2 (Medium)

  • Race: Protoss Protoss
  • Spawn Location: 5:00

VOD

Have the link to the VOD?

Description

Time

  • Played on: June 6, 2025, 9:27 p.m.
  • Length: 8:33
Show
View Real Time Build Order
Export as new Build Order

LigerMaNN Zerg - Winner!

Build Orders: Hatch First 

Get SALT Encoding   

  12  0:00  Drone  
  13  0:12  Overlord  
  13  0:16  Drone  
  14  0:30  Drone x2  
  16  0:47  Hatchery  
  15  0:51  Drone  
  15  0:54  Drone  
  17  0:57  Drone  
  18  1:09  Extractor  
  17  1:15  Spawning Pool  
  17  1:16  Drone  
  17  1:20  Drone  
  18  1:28  Drone  
  19  1:39  Drone  
  20  1:49  Overlord  
  20  2:01  Queen x2  
  20  2:02  Zergling x2  
  20  2:04  Zergling x2  
  26  2:14  Metabolic Boost  
  26  2:17  Drone  
  26  2:18  Drone  
  28  2:34  Hatchery  
  27  2:37  Drone  
  28  2:46  Drone x4  
  32  2:52  Overlord  
  32  3:10  Drone x7  
  39  3:17  Queen  
  41  3:24  Overlord  
  41  3:25  Overlord  
  41  3:30  Zergling x4  
  43  3:44  Zergling x12  
  43  3:45  Zergling x4  
  51  3:56  Extractor  
  51  3:58  Drone x3, Roach Warren  
  51  3:59  Drone  
  53  4:03  Queen  
  53  4:09  Queen  
  53  4:27  Drone, Lair  
  53  4:28  Drone x2  
  53  4:29  Overlord x2  
  56  4:39  Drone  
  56  4:40  Drone x6  
  63  4:51  Roach x4  
  71  4:57  Evolution Chamber  
  69  5:07  Extractor  
  69  5:08  Drone x3, Extractor  
  69  5:09  Drone x5  
  75  5:32  Glial Reconstitution  
  75  5:33  Zerg Missile Weapons Level 1  
  75  5:34  Roach  
  75  5:35  Roach x2  
  81  5:38  Overlord x3  
  81  5:39  Overlord x2  
  81  5:52  Overlord x2  
  81  5:56  Queen x2  
  85  6:20  Roach x9  
  85  6:21  Roach x4  
  85  6:25  Overlord  
  111  6:34  Roach  
  111  6:35  Roach x2  
  115  6:54  Roach x4  
  115  6:55  Roach x4  
  127  7:06  Overlord x3  
  127  7:22  Roach x2  
  138  7:23  Roach x8  
  146  7:33  Hatchery  
  145  7:41  Roach x7  
  145  7:42  Roach x2  
  161  7:48  Roach x3  
  167  7:51  Ravager  
  167  7:52  Ravager x2  
  167  7:55  Overlord  
Show
View Real Time Build Order
Export as new Build Order

A.I. 2 (Medium) Protoss 

Build Orders:  

Get SALT Encoding   

  12  0:00  Probe  
  13  0:13  Probe  
  14  0:19  Pylon  
  14  0:25  Probe  
  15  0:33  Probe  
  15  0:39  Gateway  
  15  0:41  Probe  
  16  0:47  Assimilator  
  17  0:51  Probe  
  18  1:00  Pylon  
  18  1:28  Gateway  
  18  1:30  Cybernetics Core, Zealot  
  18  1:31  Assimilator  
  20  1:52  Zealot  
  22  2:04  Pylon  
  22  2:06  Warp Gate  
  22  2:15  Zealot  
  24  2:31  Zealot  
  26  2:46  Zealot  
  28  2:55  Pylon  
  28  3:01  Stalker  
  28  3:04  Probe  
  31  3:13  Stalker  
  31  3:16  Probe  
  32  3:27  Forge  
  34  3:28  Probe  
  35  3:37  Adept  
  35  3:40  Probe  
  38  3:44  Pylon  
  38  3:52  Probe  
  38  3:53  Adept  
  40  4:04  Probe  
  41  4:13  Probe  
  42  6:23  Probe, Sentry  
  45  6:26  Robotics Facility  
  45  6:27  Pylon  
  45  6:29  Photon Cannon  
  45  6:30  Photon Cannon  
  44  6:33  Stargate  
  44  6:34  Nexus  
  44  6:35  Gateway, Probe  
  44  6:36  Twilight Council  
  44  6:37  Stalker  
  44  6:39  Forge  
  47  6:50  Stalker  
  31  7:04  Stalker  
  33  7:13  Observer  
  34  7:17  Sentry  
  34  7:31  Observer, Void Ray  
  30  7:38  Adept  
  30  7:42  Pylon  
  29  7:47  Pylon  
  27  7:52  Adept  
  25  8:01  Pylon  
  25  8:02  Probe  
  29  8:15  Nexus  
  29  8:16  Zealot  
  29  8:25  Pylon  
Tags
 
League
Diamond
Matchup
PvZ
Replay Pack
June 2025
Spawn Locations
Cross Positions
Add a new tag
Caveats
  • Supply blocks, unpowered buildings, or Contaminate may cause inaccurate times.
  • Supply counts are checked every 10 seconds.